 Dungeon Crawl Stone Soup version 0.18.1-6-gd335043 (webtiles) character file.

128 protoss039 the Shield-Bearer (level 5, -10/33 HPs)
             Began as a Gargoyle Fighter on May 20, 2016.
             Engulfed by a cloud of flame (27 damage)
             ... on level 2 of the Dungeon.
             The game lasted 00:05:02 (1496 turns).

protoss039 the Shield-Bearer (Gargoyle Fighter)     Turns: 1496, Time: 00:05:03

Health: -10/33     AC: 11    Str: 19    XL:     5   Next: 12%
Magic:  5/5        EV:  8    Int:  9    God:
Gold:   103        SH:  9    Dex: 10    Spells: 0 memorised, 4 levels left

rFire  . . .     SeeInvis .     a - +0 flail
rCold  . . .     Gourm    .     b - +0 scale mail
rNeg   + . .     Faith    .     c - +0 shield
rPois  ∞         Spirit   .     (no helmet)
rElec  +         Dismiss  .     (no cloak)
rCorr  .         Reflect  .     (no gloves)
SustAt .         Harm     .     (no boots)
MR     .....                    (no amulet)
Stlth  ..........               (no ring)
                                (no ring)

@: not resistant to hostile enchantments, extremely unstealthy
A: negative energy resistance 1, electricity resistance, unbreathing,
petrification resistance, rot immunity, AC +4
a: no special abilities


You were on level 2 of the Dungeon.
You were not hungry.

You visited 1 branch of the dungeon, and saw 2 of its levels.

You collected 103 gold pieces.

Inventory:

Hand Weapons
 a - a +0 flail (weapon)
Armour
 b - a +0 scale mail (worn)
 c - a +0 shield (worn)
Potions
 d - a potion of might
 h - 2 potions of haste {unknown}
 j - a potion of curing {unknown}
Comestibles
 f - a bread ration
 g - 5 chunks of flesh
 i - 4 fruits


   Skills:
 + Level 3.8 Fighting
 + Level 2.6 Maces & Flails
 + Level 4.0 Armour
 + Level 1.4 Dodging
 + Level 0.2 Stealth
 + Level 4.3 Shields


You had 4 spell levels left.
You didn't know any spells.

Dungeon Overview and Level Annotations

Branches:
Dungeon (2/15)

Altars:

Annotations:
D:2 Natasha


Innate Abilities, Weirdness & Mutations

You are resistant to torment.
Your stone body is resilient (AC +4).
You are immune to poison.
You resist negative energy.
You are resistant to electric shocks.
You can survive without breathing.
You are immune to petrification.
You are immune to rotting.


Message History

Found a stone staircase leading up.
Terence zaps a wand.
You resist with some effort.
As you read the scroll labeled OTY VEFIAKLEI, it crumbles to dust.
The creatures around you are filled with an inner flame!
It was a scroll of immolation.
Press: ? - help, v - describe, . - travel
Here: a rat (inner flame)
The floor.
You closely miss the rat. The rat bites you but does no damage.
You closely miss the rat. You block the rat's attack.
You hit the rat.
The rat explodes!
The fiery explosion engulfs Terence.
Terence explodes!
The fiery explosion engulfs the giant newt.
You kill the giant newt!
You have reached level 5!
The fiery explosion engulfs you!
You are engulfed in roaring flames.
Ouch! That really hurt!
You die...

......... ....... #.#(#
....... ######.#.# .......
# #......).# ..w.... .#
#......(.# ......r##.
#......((# .........
#######......#.#
.......§####....##......#(#
......%§§.@'...%.'......+>#
#####'######....##..(...###
<. ############## ##


There were no monsters in sight!

Vanquished Creatures
  Natasha (twice) (D:2)
  Terence (D:2)
  An adder (D:2)
  A worm (D:2)
  A giant gecko (D:1)
  4 bats (D:1)
  2 giant cockroaches
  9 goblins
  6 hobgoblins
  2 jackals (D:1)
  2 giant newts (D:2)
  8 kobolds
  5 rats
44 creatures vanquished.

Notes
Turn   | Place    | Note
--------------------------------------------------------------
     0 | D:1      | protoss039 the Gargoyle Fighter began the quest for the Orb.
     0 | D:1      | Reached XP level 1. HP: 14/14 MP: 1/1
   128 | D:1      | Reached XP level 2. HP: 17/19 MP: 2/2
   741 | D:1      | Reached XP level 3. HP: 23/23 MP: 3/3
  1086 | D:2      | Noticed Natasha
  1106 | D:2      | Killed Natasha
  1106 | D:2      | Reached skill level 1 in Dodging
  1106 | D:2      | Reached XP level 4. HP: 18/28 MP: 4/4
  1212 | D:2      | Noticed Natasha
  1233 | D:2      | Killed Natasha
  1451 | D:2      | Noticed Natasha
  1487 | D:2      | Noticed Terence
  1496 | D:2      | Killed Terence
  1496 | D:2      | Reached XP level 5. HP: 33/33 MP: 5/5
  1496 | D:2      | Engulfed by a cloud of flame

Skill      XL: |  1  2  3  4 |
---------------+-------------+-----
Dodging        | 1 |  1.4
Shields        | 4 |  4.3
Armour         | 4 |  4.0
Fighting       | |  3.8
Maces & Flails | |  2.6
Stealth        | |  0.2

Action                   |  1- 3 |  4- 6 || total
-------------------------+-------+-------++-------
Melee: Flail             |   117 |    41 ||   158
  Use: Scroll            |       |     3 ||     3
  Eat: Chunk             |       |     2 ||     2
Armor: Scale mail        |    70 |    24 ||    94
Dodge: Dodged            |    50 |    10 ||    60
Block: Shield            |    86 |    27 ||   113
